 Dungeon Crawl Stone Soup version 0.18-a0-988-gb7d270e (webtiles) character file.

6075 ChainedDjango the Fighter (level 10, -10/87 HPs)
             Began as a Minotaur Gladiator on Jan 3, 2016.
             Was a Priest of Makhleb.
             Killed from afar by a wretched star (24 damage)
             ... with an orb of energy
             ... on level 2 of the Abyss.
             The game lasted 00:14:09 (8494 turns).

ChainedDjango the Fighter (Minotaur Gladiator)      Turns: 8494, Time: 00:14:09

Health: -10/87     AC:  8    Str: 15 (16) XL:     10   Next: 57%
Magic:  9/9        EV: 13    Int:  5      God:    Makhleb [***...]
Gold:   418        SH:  5    Dex: 12      Spells: 0 memorised, 9 levels left

rFire  + + .     SeeInvis .     A - +1 whip (freeze)
rCold  . . .     Gourm    .     l - +1 scale mail
rNeg   + . .     Faith    .     I - +0 buckler of the Lute {rPois rF+ rN+}
rPois  +         Spirit   .     c - +0 hat
rElec  .         Dismiss  .     Q - +0 cloak
rCorr  .         Reflect  .     (no gloves)
SustAt .         Harm     .     (no boots)
MR     .....     Rnd*Rage +     (no amulet)
Stlth  ..........               t - ring of poison resistance
                                M - ring of protection from fire

@: not resistant to hostile enchantments, extremely unstealthy
A: retaliatory headbutt, horns 2, berserk 2, blurry vision 2, clumsy 1, deformed
body, deterioration 2, frail 1, weak 2
a: Minor Destruction, Lesser Servant of Makhleb, Renounce Religion


You were on level 2 of the Abyss.
You worshipped Makhleb.
Makhleb was most pleased with you.
You were not hungry.

You visited 1 branch of the dungeon, and saw 9 of its levels.
You visited the Abyss 1 time.

You collected 418 gold pieces.

Inventory:

Hand Weapons
 p - a +1 scythe of slicing
 A - a +1 whip of freezing (weapon)
 K - a +2 dire flail of protection
Missiles
 d - 3 throwing nets (quivered)
Armour
 c - a +0 hat (worn)
 l - a +1 scale mail (worn)
 I - the +0 buckler of the Lute (worn) {rPois rF+ rN+}
   (You found it on level 5 of the Dungeon)

   It protects you from fire.
   It protects you from poison.
   It protects you from negative energy.
 Q - a +0 cloak (worn)
Jewellery
 a - an uncursed ring of fire
 o - an uncursed ring of sustain attributes
 q - a +5 ring of strength {unknown}
 t - a ring of poison resistance (right hand)
 u - an uncursed ring of fire
 M - a ring of protection from fire (left hand)
Wands
 b - a wand of cold (12/15)
 s - a wand of draining (7/15)
Scrolls
 g - 2 scrolls of remove curse
 i - 3 scrolls of recharging
 m - a scroll of identify
 r - a scroll of teleportation
 v - 2 scrolls of fog {unknown}
 w - a scroll of enchant armour
 x - 2 scrolls of blinking {unknown}
 y - 2 scrolls of magic mapping {unknown}
 F - a scroll of random uselessness {unknown}
 G - a scroll of enchant weapon {unknown}
Potions
 e - a potion of ambrosia
 n - 4 potions of curing
 C - a potion of agility {unknown}
 E - a potion of invisibility {unknown}
 H - a potion of flight {unknown}
 J - a potion of cure mutation {unknown}
 L - 3 potions of lignification {unknown}
 N - 2 potions of might {unknown}
 O - a potion of brilliance {unknown}
Comestibles
 f - 7 bread rations
 h - 12 fruits
 j - 7 slices of pizza
 k - 7 meat rations


   Skills:
 - Level 12.0 Fighting
   Level 3.6 Axes
 - Level 2.0 Throwing
 - Level 10.1 Armour
 * Level 8.0 Dodging
 - Level 7.3 Shields
 - Level 0.3 Evocations


You had 9 spell levels left.
You didn't know any spells.

Dungeon Overview and Level Annotations

Branches:
Dungeon (9/15)             Temple (0/1) D:6
   Lair: D:8-11         Orc: D:9-12

Altars:
Dithmenos
Fedhas
Makhleb
Nemelex Xobeh
Okawaru
Pakellas
Qazlal
Xom
Yredelemnul

Shops:
D:8 }

Annotations:
D:9 Erolcha


Innate Abilities, Weirdness & Mutations

You reflexively headbutt those who attack you in melee.
You have a pair of horns on your head.
[You often lose your temper in combat.]
[Scrolls take you longer to read.]
[You are clumsy. (Dex -2)]
[Armour fits poorly on your strangely shaped body.]
[Your body often deteriorates upon taking damage.]
[You are frail (-10% HP).]
[You are very weak. (Str -4)]


Message History

You feel angry.
Your vision blurs.
You feel weaker.
You feel clumsy.
You closely miss the wretched star.
The wretched star is lightly damaged.
You closely miss the wretched star. You headbutt the wretched star.
The wretched star is lightly damaged.
The wretched star glows turbulently.
The orb of energy misses you.
You hit the wretched star but do no damage.
Your headbutt misses the wretched star.
The wretched star is lightly damaged.
The wretched star glows turbulently.
The orb of energy hits you!
* * * LOW HITPOINT WARNING * * *
Your body deteriorates!
You feel weakened.
The orb of energy explodes!
You barely miss the wretched star. Your headbutt misses the wretched star.
The wretched star is lightly damaged.
The wretched star glows turbulently.
The orb of energy hits you!
You die...

...#..... . ... .
...........
.................
. .
.............. .
. #...##....#.#..
.#
.ยง#..#.....#....
# #.....*#.##...
..#..##.@....##.
#...##.#...####
#.....#..## #
#...$###.# . #
#.....### ..# .
##..# ##.. # .#
..# . ##


You could see a wretched star.

Vanquished Creatures
  A hydra (D:9)
  The ghost of wearedevo the Markscentaur, a novice CeHu (D:8)
  Pikel (D:4)
  Sigmund (D:2)
  2 yaks (D:9)
  A wyvern (D:9)
  Eustachio (D:6)
  A hungry ghost (D:9)
  Menkaure (D:4)
  A small abomination (Abyss:2)
  Duvessa (D:5)
  4 ice beasts
  An orc warrior (D:6)
  2 phantoms
  The ghost of Havendes the Covered, an amateur MiFi (D:4)
  7 ogres
  A centaur (D:6)
  Blork the orc (D:5)
  3 big kobolds (D:9)
  A giant frog (D:7)
  Dowan (D:5)
  A scorpion (D:4)
  2 crimson imps
  A centaur zombie (D:6)
  2 jellies (D:7)
  A hound (D:7)
  Crazy Yiuf (D:6)
  6 orc priests
  9 orc wizards
  A giant frog skeleton (D:5)
  Jessica (D:3)
  2 iguanas
  Ijyb (D:2)
  Natasha (thrice) (D:2)
  5 worker ants
  2 sheep (D:9)
  A hound skeleton (D:5)
  8 gnolls
  10 adders
  An adder skeleton (D:7)
  3 worms
  5 giant geckos
  11 orcs
  2 giant cockroaches
  7 hobgoblins
  8 jackals
  10 kobolds
  A quokka (D:7)
  2 ball pythons
  8 bats
  A giant newt (D:1)
  3 goblins
  A jackal skeleton (D:8)
  A jackal zombie (D:5)
  2 quokka zombies (D:7)
  11 rats
168 creatures vanquished.

Vanquished Creatures (others)
  A slave (D:4)
  An iguana (D:4)
  2 orc wizards (D:4)
  A worker ant (D:4)
  6 orcs (D:4)
  A ball python (D:4)
12 creatures vanquished.

Grand Total: 180 creatures vanquished

Notes
Turn   | Place    | Note
--------------------------------------------------------------
     0 | D:1      | ChainedDjango the Minotaur Gladiator began the quest for the Orb.
     0 | D:1      | Reached XP level 1. HP: 18/18 MP: 0/0
   207 | D:1      | Reached XP level 2. HP: 21/26 MP: 1/1
   600 | D:1      | Reached skill level 4 in Fighting
   685 | D:2      | Reached XP level 3. HP: 32/34 MP: 2/2
   690 | D:2      | Noticed Natasha
   691 | D:2      | Killed Natasha
   691 | D:2      | Reached skill level 5 in Fighting
   705 | D:2      | Noticed Sigmund
   715 | D:2      | Killed Sigmund
   715 | D:2      | Reached skill level 7 in Fighting
   715 | D:2      | Reached XP level 4. HP: 14/47 MP: 3/3
   715 | D:2      | Reached XP level 5. HP: 15/52 MP: 4/4
   736 | D:2      | Noticed Natasha
   746 | D:2      | Killed Natasha
   869 | D:2      | Noticed Natasha
   871 | D:2      | Killed Natasha
   871 | D:2      | Reached XP level 6. HP: 31/60 MP: 5/5
  1070 | D:2      | Noticed Ijyb
  1073 | D:2      | Killed Ijyb
  1264 | D:2      | Found a burning altar of Makhleb.
  1431 | D:2      | Became a worshipper of Makhleb the Destroyer
  1540 | D:2      | Reached skill level 8 in Fighting
  2083 | D:3      | Noticed Jessica
  2087 | D:3      | Killed Jessica
  2710 | D:3      | Reached * piety under Makhleb
  2942 | D:4      | Noticed Havendes's ghost (amateur MiFi)
  2947 | D:4      | Killed Havendes's ghost
  2947 | D:4      | Reached skill level 9 in Fighting
  2947 | D:4      | Reached XP level 7. HP: 43/70 MP: 6/6
  3000 | D:4      | Noticed Pikel
  3009 | D:4      | Killed Pikel
  3009 | D:4      | Reached skill level 11 in Fighting
  3009 | D:4      | Reached XP level 8. HP: 29/82 MP: 7/7
  3527 | D:4      | Found a sparkling altar of Nemelex Xobeh.
  3623 | D:4      | Found a blossoming altar of Fedhas.
  3643 | D:4      | Found a stormy altar of Qazlal.
  3890 | D:4      | Found a shadowy altar of Dithmenos.
  3942 | D:4      | Noticed Menkaure
  3948 | D:4      | Killed Menkaure
  3948 | D:4      | Reached skill level 12 in Fighting
  4219 | D:5      | Entered Level 5 of the Dungeon
  4246 | D:5      | Got a fine buckler
  4269 | D:5      | Noticed Blork the orc
  4279 | D:5      | Killed Blork the orc
  4497 | D:5      | Noticed Dowan
  4500 | D:5      | Noticed Duvessa
  4506 | D:5      | Killed Dowan
  4510 | D:5      | Killed Duvessa
  4632 | D:5      | Reached skill level 5 in Armour
  4734 | D:5      | Found a sparkling altar of Nemelex Xobeh.
  4973 | D:5      | Found an iron altar of Okawaru.
  5164 | D:6      | Reached XP level 9. HP: 66/90 MP: 8/8
  5339 | D:6      | Found a shimmering altar of Xom.
  5613 | D:6      | Reached ** piety under Makhleb
  5659 | D:6      | Noticed Crazy Yiuf
  5662 | D:6      | Killed Crazy Yiuf
  5774 | D:6      | Found a staircase to the Ecumenical Temple.
  5774 | D:6      | Noticed Eustachio
  5950 | D:6      | Killed Eustachio
  6237 | D:7      | Reached skill level 10 in Armour
  6265 | D:7      | You fall through a shaft!
  6859 | D:8      | Reached skill level 5 in Shields
  6971 | D:8      | Reached *** piety under Makhleb
  7019 | D:8      | Noticed wearedevo's ghost (novice CeHu)
  7037 | D:8      | Killed wearedevo's ghost
  7037 | D:8      | Reached XP level 10. HP: 85/97 MP: 9/9
  7166 | D:8      | Identified the +0 buckler of the Lute {rPois rF+ rN+} (You found it on level 5 of the Dungeon)
  7308 | D:8      | Found an oddly glowing altar of Pakellas.
  7308 | D:8      | Found Pakellas's Prime Provisions.
  7408 | D:8      | Found a basalt altar of Yredelemnul.
  7907 | D:9      | Reached skill level 5 in Dodging
  8039 | D:9      | Noticed a two-headed hydra
  8056 | D:9      | Killed a two-headed hydra
  8427 | D:9      | Noticed Erolcha
  8436 | D:9      | Cast into level 2 of the Abyss (Erolcha)
  8484 | Abyss:2  | Noticed a wretched star
  8494 | Abyss:2  | Killed from afar by a wretched star

Vault maps used:
D:1:      dpeg_arrival_fog
D:2:      bloody_makhleb, uniq_iyjb, uniq_sigmund, uniq_natasha
D:3:      uniq_jessica
D:4:      grunt_temple_overflow_forces_of_nature,
          nicolae_overflow_crystal_walls, kennysheep_mini,
          hangedman_feature_mirror, minmay_quantized, uniq_pikel, uniq_menkaure
D:5:      okawaru_trees_1, first_bread, nemelex_diamond_rough_becter,
          uniq_blork_the_orc, uniq_duvessa
D:6:      xom_teletrap_fun, minmay_temple_entry_water_ring, uniq_eustachio,
          uniq_crazy_yiuf_cottage
D:8:      johnstein_pakellas_shop, kennysheep_mini_moat
D:9:      hangedman_ranch, uniq_erolcha
Abyss:2:  evilmike_abyss_exit_12

Action                   |  1- 3 |  4- 6 |  7- 9 | 10-12 || total
-------------------------+-------+-------+-------+-------++-------
Melee: War axe           |    43 |       |       |       ||    43
       Scythe            |       |    91 |    63 |       ||   154
       Dire flail        |       |       |   214 |     3 ||   217
       Whip              |       |       |       |   126 ||   126
Throw: Throwing net      |     3 |       |       |       ||     3
  Use: Scroll            |       |       |     6 |     3 ||     9
       Potion            |       |       |     2 |       ||     2
 Stab: Held in net/web   |     1 |       |       |       ||     1
  Eat: Chunk             |       |     5 |    12 |     4 ||    21
       Beef jerky        |       |       |     2 |       ||     2
       Meat ration       |       |       |       |     1 ||     1
